[Event "Late-Titled-Tuesday-Blitz-June-18-2024"]
[Site "Chess.com"]
[Date "2024.06.18"]
[Round "1"]
[White "ATM622"]
[Black "DanielNaroditsky"]
[Result "0-1"]
[WhiteElo "2533"]
[BlackElo "3149"]
[TimeControl "180+1"]
[EndTime "14:06:15 PDT"]
[Termination "DanielNaroditsky won by resignation"]

1. d4 Nf6 2. c4 g6 3. g3 Bg7 4. Bg2 O-O 5. Nf3 d6 6. O-O Nbd7 7. Nc3 e5 8. Qc2 exd4 9. Nxd4 Nb6 10. b3 c5 11. Nf3 Bf5 12. e4 Nxe4 13. Nxe4 Bxa1 14. Bg5 f6 15. Bh6 Re8 16. Nh4 Bxe4 17. Bxe4 f5 18. Bxb7 Rb8 19. Bc6 Bf6 20. Bxe8 Qxe8 21. Nf3 Qc6 22.
Ng5 Re8 23. Rd1 Nd7 24. Qd3 Ne5 25. Qd5+ Qxd5 26. Rxd5 Bxg5 27. Bxg5 Nf3+ 28. Kg2 Nxg5 29. Rxd6 Re2 30. Rd8+ Kf7 31. Rd7+ Kf6 32. Rxa7 Ne4 33. a4 Rxf2+ 34. Kg1 Ra2 35. a5 g5 36. a6 Ke5 37.
h4 g4 38. Rxh7 Nxg3 39. a7 Kf4 40. Rd7 Ne4 41. h5 g3 42. Rf7 Ng5 43. Rd7 Nf3+ 0-1

[Event "Late-Titled-Tuesday-Blitz-June-18-2024"]
[Site "Chess.com"]
[Date "2024.06.18"]
[Round "1"]
[White "NikitaShnadrygin"]
[Black "AlphaPerseii"]
[Result "0-1"]
[WhiteElo "2734"]
[BlackElo "2431"]
[TimeControl "180+1"]
[EndTime "14:06:15 PDT"]
[Termination "AlphaPerseii won by resignation"]

1. e4 c5 2. Nf3 Nc6 3. d4 cxd4 4. Nxd4 Nf6 5. Nc3 e5 6. Ndb5 d6 7. Bg5 a6 8. Na3 b5 9. Nd5 Be7 10. Bxf6 Bxf6 11. c3 Ne7 12. Nc2 Nxd5 13. Qxd5 Ra7 14. Nb4 Bb7 15. Qd3 O-O 16. Be2 Bg5 17. O-O Ba8 18.
Rfd1 Kh8 19. Bf3 Rd7 20. Nxa6 f5 21. Nb4 fxe4 22. Bxe4 Bxe4 23. Qxe4 Bf4 24. Nd5 Qh4 25. Nxf4 Rxf4 26. Qa8+ Rd8 27. Qa7 Rdf8 28. g3 Qg4 29. Rd2 R4f6 30. a4 b4 31. a5 h5 32. a6 h4 33. Qe3 Rf3 34. Qe1 h3 35. a7 Ra8 36. Qe2 e4 37. Rd4 d5 38. Rxd5 Rxg3+ 39. hxg3 Qxe2 40. Rf5 g6 41. Rf4 g5 42. Rf6 e3 43. cxb4 Kg7 44. Rf5 Qxb2 45. Raa5 e2 46. Rxg5+ Kf6 47. Rgf5+ Ke6 0-1

[Event "Late-Titled-Tuesday-Blitz-June-18-2024"]
[Site "Chess.com"]
[Date "2024.06.18"]
[Round "1"]
[White "esrosenberg"]
[Black "AldokhinIvan"]
[Result "0-1"]
[WhiteElo "2323"]
[BlackElo "2636"]
[TimeControl "180+1"]
[EndTime "14:06:16 PDT"]
[Termination "AldokhinIvan won by resignation"]

1. e4 c5 2. Nc3 e6 3. Nge2 a6 4. g3 Nc6 5. Bg2 g6 6. d4 cxd4 7. Nxd4 Bg7 8. Nxc6 bxc6 9. O-O Ne7 10. f4 d5 11. e5 O-O 12. Kh1 Bb7 13. Be3 Qa5 14. a3 c5 15. b4 cxb4 16. axb4 Qxb4 17. Ne2 d4 18. Qxd4 Bxg2+ 19. Kxg2 Qb7+ 20. Kg1 Rfd8 21. Qa4 Nf5 22. Bf2 h5 23. Nd4 Bf8 24. Nxf5 gxf5 25. Rad1 Be7 26. Qc4 h4 27. Qe2 h3 28. Be3 Qe4 29. Rd3 Bc5 30. Rf2 Rxd3 0-1

[Event "Late-Titled-Tuesday-Blitz-June-18-2024"]
[Site "Chess.com"]
[Date "2024.06.18"]
[Round "1"]
[White "Malev212"]
[Black "Sacbutt"]
[Result "1-0"]
[WhiteElo "2636"]
[BlackElo "2319"]
[TimeControl "180+1"]
[EndTime "14:06:16 PDT"]
[Termination "Malev212 won by resignation"]

1. e4 c5 2. d4 cxd4 3. Qxd4 Nc6 4. Qd3 d6 5. Nc3 g6 6. Nf3 Bg7 7. Be2 Nf6 8. Nd5 O-O 9. c3 Nxd5 10. exd5 Ne5 11.
Nxe5 Bxe5 12. Bh6 Re8 13. O-O Qb6 14. b3 Bf5 15. Qd2 Qa5 16. Rac1 a6 17. f4 Bh8 18. g4 Bd7 19. f5 Be5 20. b4 Qb6+ 21. Be3 Qd8 22.
c4 Rf8 23. c5 a5 24. c6 bxc6 25. dxc6 Bc8 26. b5 d5 27. Bd4 Qd6 28. Bxe5 Qxe5 29. b6 Ba6 30. Bxa6 Rxa6 31. c7 1-0

[Event "Late-Titled-Tuesday-Blitz-June-18-2024"]
[Site "Chess.com"]
[Date "2024.06.18"]
[Round "1"]
[White "crazycheesecake"]
[Black "maximnovik"]
[Result "0-1"]
[WhiteElo "2138"]
[BlackElo "2567"]
[TimeControl "180+1"]
[EndTime "14:06:17 PDT"]
[Termination "maximnovik won on time"]

1. e4 c6 2. d4 d5 3. Nd2 dxe4 4.
Nxe4 Bf5 5. Nc3 e6 6. Nf3 Nf6 7. Bd3 Bg4 8. h3 Bh5 9. O-O Nbd7 10. Be3 Be7 11. Be2 O-O 12. Qd2 Bb4 13. a3 Ne4 14.
Qd3 Bxc3 15. bxc3 Bg6 16. Qc4 Nb6 17. Qb3 Nd5 18. c4 Nxe3 19. Qxe3 Qc7 20. Rfd1 Rad8 21.
Bd3 Nf6 22. Bxg6 hxg6 23. Ne5 c5 24. dxc5 Rc8 25. Nd3 Rfd8 26. Rab1 Rd7 27. Re1 Rcd8 28. Qg3 Qxg3 29. fxg3 Rc7 30. Kf2 Rd4 31. Rb4 Kf8 32. Kf3 g5 33. g4 Ke8 34. g3 Kd8 35. Ne5 Kc8 0-1

[Event "Late-Titled-Tuesday-Blitz-June-18-2024"]
[Site "Chess.com"]
[Date "2024.06.18"]
[Round "1"]
[White "Masterisback04"]
[Black "Artem_Koval"]
[Result "0-1"]
[WhiteElo "2094"]
[BlackElo "2561"]
[TimeControl "180+1"]
[EndTime "14:06:18 PDT"]
[Termination "Artem_Koval won on time"]

1. e4 c5 2. Nf3 d6 3. d4 cxd4 4. Nxd4 Nf6 5. Nc3 a6 6. Be3 e5 7. Nb3 Be6 8. f3 Be7 9. Qd2 Nbd7 10. O-O-O O-O 11. g4 b5 12. Kb1 b4 13. Nd5 Bxd5 14.
exd5 a5 15. g5 Ne8 16. h4 Nc7 17. h5 a4 18. Nc1 f5 19. gxf6 Nxf6 20. Bh3 Kh8 21.
Rdg1 Ncxd5 22. Be6 Ra5 23. Qg2 Ne8 24. Bh6 Bf6 25.
Bxg7+ Nxg7 26. Bxd5 Rxd5 27. f4 e4 28. Qxe4 Rd4 29.
Qg2 a3 30. b3 Qc8 31. Rh3 Rd2 0-1

[Event "Late-Titled-Tuesday-Blitz-June-18-2024"]
[Site "Chess.com"]
[Date "2024.06.18"]
[Round "1"]
[White "Pelusiansky"]
[Black "OIAM03"]
[Result "1-0"]
[WhiteElo "2548"]
[BlackElo "2032"]
[TimeControl "180+1"]
[EndTime "14:06:18 PDT"]
[Termination "Pelusiansky won on time"]

1. c4 Nf6 2. Nc3 d5 3. cxd5 Nxd5 4. Nf3 g6 5. h4 Bg7 6. h5 O-O 7. hxg6 fxg6 8. Qb3 e6 9. d4 Nc6 10. e3 a6 11. Bd2 Na5 12. Qc2 b6 13. Ne4 Bb7 14.
Neg5 Nf6 15. Nxe6 Qe7 16. Nxf8 Rxf8 17. Rc1 Nc6 18. Bd3 Nb4 19. Qb3+ Nbd5 20. Ne5 Nd7 21. Bxa6 Bxa6 22. Qxd5+ 1-0

[Event "Late-Titled-Tuesday-Blitz-June-18-2024"]
[Site "Chess.com"]
[Date "2024.06.18"]
[Round "1"]
[White "Mackster23"]
[Black "IngOscarArdila"]
[Result "0-1"]
[WhiteElo "2723"]
[BlackElo "2427"]
[TimeControl "180+1"]
[EndTime "14:06:21 PDT"]
[Termination "IngOscarArdila won on time"]

1. e4 e5 2. Nf3 Nf6 3. Nc3 Nc6 4. g3 Bc5 5. Bg2 d6 6. d3 Bg4 7. h3 Be6 8. Na4 Bb4+ 9. c3 Ba5 10. b4 Bb6 11.
O-O h6 12. Kh2 O-O 13. a3 a6 14. Nxb6 cxb6 15. c4 a5 16. Bd2 Qc7 17. Bc3 Rac8 18. Qd2 Rfd8 19. b5 Nb8 20. Nh4 Nbd7 21. f4 Nc5 22.
Rad1 Nb3 23. Qe3 Qc5 24. Qe2 Nd4 25. Bxd4 Qxd4 26. f5 Bd7 27. g4 Qc5 28. a4 Qb4 29. Ra1 Be8 30. Bf3 Nd7 31. Ng2 f6 32. Ne3 Bf7 33.
h4 Qc5 34. g5 hxg5 35. hxg5 Kf8 36. Kg3 Ke7 37. Rh1 Rh8 38. g6 Rxh1 39. Rxh1 Bg8 40. Rh8 Qd4 41. Nf1 Nc5 42. Qe3 Qxd3 43. Qxd3 Nxd3 44.
Ne3 Nf4 45. Kf2 Kf8 0-1

[Event "Late-Titled-Tuesday-Blitz-June-18-2024"]
[Site "Chess.com"]
[Date "2024.06.18"]
[Round "1"]
[White "CristhianPortalR"]
[Black "vi_pranav"]
[Result "0-1"]
[WhiteElo "2513"]
[BlackElo "3032"]
[TimeControl "180+1"]
[EndTime "14:06:23 PDT"]
[Termination "vi_pranav won on time"]

1. c4 e5 2. Nc3 Nc6 3. g3 f5 4.
Bg2 Nf6 5. e3 Bb4 6. Nge2 O-O 7.
O-O Bxc3 8. Nxc3 d6 9. d4 Qe8 10. Nd5 Qd8 11. dxe5 Nxe5 12. b3 c6 13. Nf4 Qe7 14. Bb2 Bd7 15. Ba3 Nf7 16. Qd3 Rad8 17. Rad1 Bc8 18. Bb2 Ne5 19. Qb1 Ne4 20. Qa1 Rde8 21.
Ba3 Rf6 22. Qd4 Nc5 23. Rd2 g5 24. Ne2 Rh6 25. Rfd1 Ne4 26. Bxe4 fxe4 27. Qxe4 Qf7 28. Nd4 Bg4 29. Qg2 Nf3+ 30. Nxf3 Bxf3 31. Qf1 Qh5 32.
h3 Qxh3 0-1

[Event "Late-Titled-Tuesday-Blitz-June-18-2024"]
[Site "Chess.com"]
[Date "2024.06.18"]
[Round "1"]
[White "szachmistrz2500"]
[Black "Mysterio47"]
[Result "1-0"]
[WhiteElo "2495"]
[BlackElo "2838"]
[TimeControl "180+1"]
[EndTime "14:06:24 PDT"]
[Termination "szachmistrz2500 won by resignation"]

1. e4 d6 2. d4 Nf6 3. Bd3 e5 4. c3 Nc6 5. Ne2 g6 6. O-O Bg7 7. f4 O-O 8. d5 Ne7 9. fxe5 dxe5 10. Bg5 Ne8 11. Qd2 f6 12. Bh6 Nd6 13. c4 c5 14.
dxc6 Nxc6 15. c5 Nf7 16. Bxg7 Kxg7 17. Qe3 Bg4 18. Nbc3 Bxe2 19. Nxe2 Ng5 20. Bc4 Nd4 21. Nxd4 Qxd4 22. Qxd4 exd4 23. Bd5 Rac8 24. b4 b6 25. c6 Rfe8 26. Rfe1 Nf7 27. Red1 Ne5 28. b5 d3 29.
a4 f5 30. exf5 gxf5 31. a5 Rc7 32. axb6 axb6 33. Ra6 Rd8 34. Bb3 Rb8 35. h3 Kf6 36. Kf2 f4 37. Ra4 Kg5 38. Re1 Re8 39. Rae4 Rce7 40. c7 d2 41. Rxe5+ Rxe5 42. Rxe5+ Rxe5 43. c8=Q Re3 44. Qg4+ 1-0

[Event "Late-Titled-Tuesday-Blitz-June-18-2024"]
[Site "Chess.com"]
[Date "2024.06.18"]
[Round "1"]
[White "penguingm1"]
[Black "FuenfgegenWilly"]
[Result "1-0"]
[WhiteElo "2954"]
[BlackElo "2501"]
[TimeControl "180+1"]
[EndTime "14:06:25 PDT"]
[Termination "penguingm1 won by resignation"]

1. d4 d5 2. Bf4 Nc6 3. e3 f6 4. Nf3 Bg4 5. Be2 Bxf3 6. Bxf3 e5 7. dxe5 fxe5 8. Bg3 Nf6 9. Bh4 e4 10. Be2 Ne5 11. Bxf6 gxf6 12. Bh5+ Ng6 13. Nc3 c6 14. Qg4 Kf7 15. O-O-O Qc8 16. Qg3 Bb4 17. Ne2 Ba5 18. Bg4 f5 19. Bh3 Rf8 20. Nd4 Ne7 21. f3 c5 22. Nb5 Qe6 23. fxe4 fxe4 24. Nd6+ 1-0

[Event "Late-Titled-Tuesday-Blitz-June-18-2024"]
[Site "Chess.com"]
[Date "2024.06.18"]
[Round "1"]
[White "merinasian"]
[Black "ChessSwole"]
[Result "0-1"]
[WhiteElo "2399"]
[BlackElo "2723"]
[TimeControl "180+1"]
[EndTime "14:06:25 PDT"]
[Termination "ChessSwole won by resignation"]

1. d4 Nf6 2. Nf3 d5 3. c4 e6 4. e3 Be7 5. Nbd2 O-O 6. Bd3 b6 7. O-O Bb7 8. Qe2 Nbd7 9. e4 dxe4 10. Nxe4 c5 11. Bg5 cxd4 12. Nxd4 Ne5 13. Nxf6+ gxf6 14. Rad1 Nxd3 15. Rxd3 fxg5 16. Nxe6 Qc8 17. Nxf8 Bxf8 18. Rg3 h6 19. h4 Bd6 20. Rd3 Qc6 21. Rd5 Re8 22. Qg4 Bc8 23. Qh5 g4 24. Rfd1 Bc5 25.
b4 Bxb4 26. Rd8 Bf8 27. Rxe8 Qxe8 28. Qd5 Be6 29. Qb7 Qe7 30. Qb8 Qxh4 31. Rd8 Qe7 32.
Re8 Qc5 33. Rd8 Kg7 34. Qf4 Be7 35. Rd4 Bg5 36. Qe4 Bf6 37. Rd3 Bf5 38. Qe3 Bxd3 39. Qxd3 Qd4 0-1

[Event "Late-Titled-Tuesday-Blitz-June-18-2024"]
[Site "Chess.com"]
[Date "2024.06.18"]
[Round "1"]
[White "Seppppppy"]
[Black "xasid81"]
[Result "1-0"]
[WhiteElo "2236"]
[BlackElo "2582"]
[TimeControl "180+1"]
[EndTime "14:06:26 PDT"]
[Termination "Seppppppy won by resignation"]

1. d4 d5 2. c4 e6 3. Nc3 Nf6 4. cxd5 Nxd5 5. e4 Nxc3 6. bxc3 c5 7. Rb1 Be7 8. Nf3 O-O 9. h4 b6 10. h5 Ba6 11. Bxa6 Nxa6 12. h6 g6 13. Qe2 Nb8 14.
O-O Nd7 15. d5 exd5 16. exd5 Re8 17. c4 Bf6 18. Qc2 Ne5 19. Nxe5 Bxe5 20. Be3 Qh4 21. f4 Qxh6 22. Rf3 Bf6 23. Qf2 Rxe3 24. Rxe3 Bd4 25. Rbe1 Bxe3 26. Qxe3 Qg7 27. d6 Qf6 28. d7 Rd8 29.
Rd1 Kf8 30. Rd5 h5 31. f5 g5 32.
Qf3 g4 33. Qf4 Kg7 34. Rd6 Qa1+ 35. Kh2 g3+ 36. Qxg3+ Kf8 37. f6 Qxf6 38. Rxf6 1-0

[Event "Late-Titled-Tuesday-Blitz-June-18-2024"]
[Site "Chess.com"]
[Date "2024.06.18"]
[Round "1"]
[White "santosalberto1987"]
[Black "Navyblue1"]
[Result "1-0"]
[WhiteElo "2582"]
[BlackElo "2184"]
[TimeControl "180+1"]
[EndTime "14:06:26 PDT"]
[Termination "santosalberto1987 won by resignation"]

1. e4 c5 2. Nf3 d6 3. Bb5+ Nd7 4. d4 cxd4 5. Qxd4 a6 6. Bxd7+ Bxd7 7. Nc3 e5 8. Qd3 Be6 9. O-O Be7 10. Rd1 h6 11. Nd2 Nf6 12. Nc4 Bxc4 13. Qxc4 Rc8 14. Qa4+ Qd7 15.
Qxd7+ Kxd7 16. Be3 Rc4 17. f3 Rhc8 18. a4 Ke6 19.
Rd2 Rb4 20. Ra2 Bd8 21. Kf2 Bb6 22. Bxb6 Rxb6 23. Ke2 Rb4 24. Kd1 Rc6 25. Nd5 Rbc4 26. c3 Kd7 27. Nxf6+ gxf6 28. Kc2 Ke6 29. Ra1 f5 30. exf5+ Kxf5 31. Rad1 Ke6 32. Kb3 f5 33.
Rxd6+ Rxd6 34. Rxd6+ Kxd6 35. Kxc4 Kc6 36. g4 b5+ 37.
axb5+ axb5+ 38. Kd3 fxg4 39. fxg4 Kd5 40. b3 e4+ 41.
Ke3 Ke5 42. h4 Kd5 43. g5 hxg5 44. hxg5 Ke5 45. g6 Kf6 46. Kxe4 Kxg6 47. Kd5 Kf6 48.
Kc5 Ke6 49. Kxb5 Kd6 50. Kb6 Kd7 51. c4 Kc8 52. Kc6 Kb8 53. Kd7 1-0

[Event "Late-Titled-Tuesday-Blitz-June-18-2024"]
[Site "Chess.com"]
[Date "2024.06.18"]
[Round "1"]
[White "SHIVACalypso"]
[Black "amintabatabaei"]
[Result "0-1"]
[WhiteElo "2515"]
[BlackElo "3037"]
[TimeControl "180+1"]
[EndTime "14:06:28 PDT"]
[Termination "amintabatabaei won by checkmate"]

1. d4 g6 2. Nf3 Bg7 3. g3 b6 4. Bg2 Bb7 5. O-O Nf6 6. c4 O-O 7.
Nc3 Ne4 8. Qc2 Nxc3 9. Qxc3 c5 10. Be3 Nc6 11. Qd2 d6 12. Rfd1 Nxd4 13. Nxd4 Bxg2 14. Kxg2 cxd4 15. Bxd4 Qc7 16. Rac1 Qb7+ 17. f3 Rac8 18. Bxg7 Kxg7 19. Qd4+ Kg8 20. Rc3 Rc5 21. Re3 Rfc8 22. b3 h5 23. Qe4 Qxe4 24. Rxe4 Kf8 25. Red4 b5 26. cxb5 Rxb5 27. Ra4 Rc2 28. Kf2 Re5 29. Re1 a5 30. f4 Rec5 31. Kf3 Kg7 32. Rd1 Rb2 33.
Rd3 Kf6 34. Re3 e6 35. h3 d5 36.
g4 hxg4+ 37. hxg4 g5 38. Kg3 Rcc2 39. Rxa5 Rxe2 40. Rxe2 Rxe2 41. fxg5+ Kxg5 42. b4 Rb2 43. b5 Rb4 44. a4 Rb3+ 45. Kf2 Kf4 46. Ra7 Rb2+ 47. Kf1 f6 48. Rf7 Ke5 49. Ra7 d4 50.
Ra6 d3 51. Ke1 Kd5 52. b6 e5 53. a5 e4 54. Ra8 e3 55. Rd8+ Ke4 56. Re8+ Kf3 57.
Kd1 Rb1# 0-1

[Event "Late-Titled-Tuesday-Blitz-June-18-2024"]
[Site "Chess.com"]
[Date "2024.06.18"]
[Round "1"]
[White "pinelone"]
[Black "Adar_07"]
[Result "0-1"]
[WhiteElo "2468"]
[BlackElo "2824"]
[TimeControl "180+1"]
[EndTime "14:06:30 PDT"]
[Termination "Adar_07 won on time"]

1. Nf3 Nf6 2. c4 e6 3. b3 d5 4. Bb2 Be7 5. g3 O-O 6. Bg2 b6 7. O-O Bb7 8. cxd5 Nxd5 9. d4 Nd7 10. Re1 N7f6 11. e4 Nb4 12. a3 Nc6 13. Nc3 Qd7 14. d5 exd5 15. e5 Ne8 16. Nxd5 Rd8 17. Nxe7+ Qxe7 18. Qc2 Nb8 19. Rac1 c5 20. h4 h6 21. Rcd1 Nc7 22. Rxd8 Rxd8 23. Qf5 Ne6 24. Bc3 Bd5 25. Nd2 Bxg2 26. Kxg2 Nc6 27. Nf3 Qd7 28.
Qe4 Qd5 29. Qxd5 Rxd5 30. Re2 Rd3 31. Re3 Rd1 32. Re1 Rd5 33. Re2 Kf8 34. Rd2 Rxd2 35.
Nxd2 Ke7 36. f4 Nc7 37. Ne4 Nd5 38. Bd2 Nd4 39. b4 c4 40. Nc3 Ke6 41. Ne4 Nb3 42. Bc3 f5 43. exf6 gxf6 44. Bb2 f5 45. Nc3 Nd2 46. Nxd5 Kxd5 47. Bc3 Ne4 48. Be1 c3 49. Kf3 h5 50. Ke2 Kc4 51. Ke3 c2 52. Bd2 Kb3 53. Bc1 Kc3 54. Ke2 Nxg3+ 55. Kf3 Ne4 56. Ke3 b5 57. Kf3 Kd3 58. Bb2 Kd2 0-1

[Event "Late-Titled-Tuesday-Blitz-June-18-2024"]
[Site "Chess.com"]
[Date "2024.06.18"]
[Round "1"]
[White "ReadySkate"]
[Black "andrzej"]
[Result "1-0"]
[WhiteElo "2795"]
[BlackElo "2448"]
[TimeControl "180+1"]
[EndTime "14:06:30 PDT"]
[Termination "ReadySkate won by checkmate"]

1. d4 d5 2. c4 dxc4 3. e4 e5 4. Nf3 Bb4+ 5. Nc3 Nf6 6. Nxe5 b5 7. f3 a6 8. a4 Bb7 9. Be2 O-O 10. O-O c5 11.
Be3 Nbd7 12. Nxd7 Nxd7 13. axb5 Bxc3 14. bxc3 cxd4 15. bxa6 dxe3 16. axb7 Rb8 17. Qd4 Qc7 18. Qxe3 Rxb7 19. Ra4 Ne5 20. Rd1 Rc8 21. Qd4 Nd3 22.
Bxd3 cxd3 23. Rxd3 Rb1+ 24. Kf2 h5 25. Qd6 Qxd6 26.
Rxd6 Rxc3 27. Ra8+ Kh7 28. Ra7 Rc2+ 29. Kg3 Rg1 30. Rxf7 Rcxg2+ 31. Kf4 Rxh2 32. e5 Re2 33. Rd4 h4 34. Kf5 Kg8 35. e6 h3 36. Ra7 h2 37. Ra8+ Kh7 38. Rh4# 1-0

[Event "Late-Titled-Tuesday-Blitz-June-18-2024"]
[Site "Chess.com"]
[Date "2024.06.18"]
[Round "1"]
[White "Meri-Arabidze"]
[Black "Josetricks"]
[Result "1-0"]
[WhiteElo "2667"]
[BlackElo "2367"]
[TimeControl "180+1"]
[EndTime "14:06:30 PDT"]
[Termination "Meri-Arabidze won by resignation"]

1. c4 g6 2. g3 Bg7 3. Bg2 Nf6 4. Nc3 O-O 5. d4 d6 6. Nf3 Nbd7 7. O-O c5 8. b3 Rb8 9. Bb2 a6 10. a4 b6 11. Qc2 Ne8 12. d5 Nc7 13. Nd1 b5 14. Bxg7 Kxg7 15. axb5 axb5 16. e4 f6 17. Ne3 bxc4 18.
bxc4 Rb4 19. Ne1 Ba6 20. Nd3 Rb6 21. Qc3 Ne5 22. Nxe5 dxe5 23. Ra5 Qd6 24. f4 Rfb8 25. fxe5 fxe5 26. Ng4 Rb1 27. Qxe5+ Qxe5 28. Nxe5 Rxf1+ 29.
Bxf1 Rb4 30. Rxc5 Ne8 31. Nc6 Rb1 32. e5 Nd6 33. exd6 exd6 34. Rb5 Bxb5 35. cxb5 Kf7 36. Kf2 Ke8 37. h4 Rb3 38. Nd4 Rb1 39. Bd3 Kd7 40. Bxb1 1-0

[Event "Late-Titled-Tuesday-Blitz-June-18-2024"]
[Site "Chess.com"]
[Date "2024.06.18"]
[Round "1"]
[White "Durarbayli"]
[Black "KorolDimitriy75"]
[Result "1-0"]
[WhiteElo "2946"]
[BlackElo "2499"]
[TimeControl "180+1"]
[EndTime "14:06:31 PDT"]
[Termination "Durarbayli won on time"]

1. e4 c5 2. Nf3 d6 3. d4 cxd4 4. Nxd4 Nf6 5. Nc3 g6 6. Be3 Bg7 7. f3 O-O 8. Qd2 Nc6 9. O-O-O d5 10. exd5 Nxd5 11. Nxc6 bxc6 12. Bd4 e5 13. Bc5 Be6 14.
Ne4 Rb8 15. Bc4 Qc7 16. h4 Rfd8 17. Qf2 a5 18. a4 Qb7 19. b3 Nf4 20. Bxe6 Nxe6 21.
h5 Nxc5 22. Qxc5 Rd5 23. Qc3 Qe7 24. Kb1 f5 25. Nf2 e4 26. Qxc6 Rxd1+ 27. Rxd1 Qa3 28. Qd5+ Kh8 29. Rd4 1-0

[Event "Late-Titled-Tuesday-Blitz-June-18-2024"]
[Site "Chess.com"]
[Date "2024.06.18"]
[Round "1"]
[White "WindWhistler11"]
[Black "Jospem"]
[Result "0-1"]
[WhiteElo "2518"]
[BlackElo "3053"]
[TimeControl "180+1"]
[EndTime "14:06:32 PDT"]
[Termination "Jospem won on time"]

1. Nf3 c5 2. b3 Nf6 3. Bb2 e6 4.
e3 Be7 5. Be2 O-O 6. O-O b6 7.
d4 cxd4 8. Nxd4 Bb7 9. c4 d6 10. Nc3 a6 11. Rc1 Nbd7 12. Bf3 Qc8 13. Qe2 Ne5 14. Bxb7 Qxb7 15. Rfd1 Rfc8 16. h3 Ned7 17. Qf3 Qxf3 18. Nxf3 Rab8 19. Nd4 Nc5 20. Ba3 Rc7 21.
Nc2 Nfd7 22. Rd2 Rbc8 23. Rcd1 h6 24. f3 Nf6 25. Nb4 Ra8 26. Nd3 Ne8 27. Bxc5 bxc5 28.
Nf2 Rc6 29. Na4 Rb8 30. Ne4 f5 31. Nec3 Kf7 32. e4 g6 33. exf5 gxf5 34. Nb2 Bf6 35. Ne2 Bg5 36. Rd3 a5 37. Na4 h5 38. Nec3 h4 39. Nb5 Be7 40. Nac3 Rcb6 41. Re1 Bf6 42.
Rde3 Bd4 43. Nxd4 cxd4 44. Rxe6 dxc3 45. Re7+ Kf8 46. Rh7 Kg8 47. Rh5 a4 0-1

[Event "Late-Titled-Tuesday-Blitz-June-18-2024"]
[Site "Chess.com"]
[Date "2024.06.18"]
[Round "1"]
[White "th3d4rkness"]
[Black "kosmeg"]
[Result "1-0"]
[WhiteElo "2207"]
[BlackElo "2572"]
[TimeControl "180+1"]
[EndTime "14:06:34 PDT"]
[Termination "th3d4rkness won by checkmate"]

1. e4 c6 2. d4 d5 3. e5 Bf5 4. h4 Qb6 5. g4 Bd7 6. c3 c5 7. Bg2 cxd4 8. cxd4 e6 9. Nc3 Nc6 10. Nge2 h5 11. g5 Nge7 12. Bh3 Rc8 13. Na4 Qd8 14.
Be3 Na5 15. Nc5 b6 16. Nxd7 Qxd7 17. b3 g6 18. O-O Nec6 19. Rc1 Ba3 20. Rb1 O-O 21.
Nf4 Nb4 22. Nxh5 gxh5 23. Qxh5 Rc2 24. Kh1 Nac6 25. g6 f5 26. exf6 Rxf6 27. Bg5 Rfxf2 28. Rxf2 Rxf2 29. Bxe6+ Kf8 30. Qh8# 1-0

[Event "Late-Titled-Tuesday-Blitz-June-18-2024"]
[Site "Chess.com"]
[Date "2024.06.18"]
[Round "1"]
[White "KamilaHryshchenko"]
[Black "ncofre98"]
[Result "0-1"]
[WhiteElo "2055"]
[BlackElo "2554"]
[TimeControl "180+1"]
[EndTime "14:06:36 PDT"]
[Termination "ncofre98 won by resignation"]

1. e4 c5 2. Nf3 d6 3. d4 cxd4 4. Nxd4 Nf6 5. Bd3 Nc6 6. Nb3 d5 7. exd5 Qxd5 8. O-O Bg4 9. f3 Bf5 10. Bxf5 Qxf5 11. Nc3 e6 12. Be3 Be7 13. Qe2 O-O 14. Rad1 Rfd8 15. Kh1 h5 16. Nd4 Nxd4 17. Rxd4 Rxd4 18. Bxd4 h4 19. Rd1 a6 20. Be5 Rc8 21.
Rd3 b5 22. a3 Rc4 23. Rd4 Rxd4 24. Bxd4 Bd6 25. Ne4 Qf4 26. Nxd6 Qxd4 27. Qd3 Qf2 28. h3 Nd5 29. Ne4 Qe1+ 30. Kh2 g5 31. Qd2 Qxd2 32.
Nxd2 Ne3 33. c3 Nd1 34. c4 Nxb2 35. c5 Na4 36. c6 Nb6 37. Ne4 a5 38. Nf6+ Kg7 39.
Nd7 Nd5 40. g3 b4 41. axb4 axb4 42. Nc5 Kf8 43. f4 hxg3+ 44. Kxg3 gxf4+ 45. Kf3 Kg7 46. h4 Kh6 47. Kg4 f5+ 48. Kf3 e5 49. Ne6 b3 50.
c7 Nxc7 51. Nxc7 b2 0-1

[Event "Late-Titled-Tuesday-Blitz-June-18-2024"]
[Site "Chess.com"]
[Date "2024.06.18"]
[Round "1"]
[White "canhhuan"]
[Black "Bauman_Guy"]
[Result "1/2-1/2"]
[WhiteElo "2501"]
[BlackElo "2907"]
[TimeControl "180+1"]
[EndTime "14:06:37 PDT"]
[Termination "Game drawn by repetition"]

1. e4 c5 2. Nf3 e6 3. d4 cxd4 4. Nxd4 Nc6 5. Nc3 Nf6 6. Bf4 Bb4 7. Nb5 O-O 8. Bd6 Bxd6 9. Nxd6 a6 10. a3 b5 11. Be2 Qe7 12. O-O Ne8 13. Nxc8 Rxc8 14. Qd2 Nc7 15. Bd3 Rfd8 16. Rfe1 d6 17. Rad1 Ne5 18.
Qf4 Na8 19. Qc1 Nb6 20. Be2 h6 21. f4 Ng6 22. Bf3 Nc4 23. a4 b4 24. Ne2 a5 25. Kh1 Qa7 26. Nd4 Qc5 27. f5 Nf8 28. fxe6 fxe6 29. b3 Ne5 30. Qe3 Qc3 31. Qf2 Rd7 32.
Qg3 Rf7 33. Nb5 Qxc2 34. Bh5 Rf6 35. Nxd6 Rc5 36. Nb7 Nfd7 37. Nxc5 Qxc5 38. Be8 Nf8 39. Rc1 Qd6 40. Red1 Qb8 41. Rc5 Qd8 42. Rcc1 Qb8 43. Rc5 Qd8 44. Rcc1 Qb8 1/2-1/2

[Event "Late-Titled-Tuesday-Blitz-June-18-2024"]
[Site "Chess.com"]
[Date "2024.06.18"]
[Round "1"]
[White "Hakiki_satranc"]
[Black "Zurability"]
[Result "0-1"]
[WhiteElo "2446"]
[BlackElo "2791"]
[TimeControl "180+1"]
[EndTime "14:06:37 PDT"]
[Termination "Zurability won on time"]

1. d4 Nf6 2. Nf3 e6 3. Nbd2 d5 4. e3 c5 5. Bd3 Nc6 6. O-O Bd6 7. b3 cxd4 8. exd4 O-O 9. Bb2 Nb4 10. Be2 Qc7 11. c3 Nc6 12. b4 Bd7 13. Re1 Ne4 14. a3 f5 15. Rc1 Bf4 16. g3 Bh6 17. c4 Qd8 18. cxd5 exd5 19. Rc2 Kh8 20. Nf1 f4 21. Bc1 Bh3 22. Ne5 fxg3 23. fxg3 Bxc1 24.
Qxc1 Nxd4 25. Bd3 Nxc2 26. Qxc2 Qb6+ 27. Ne3 Rae8 28. Bxe4 Rxe5 29. Kh1 Qxe3 0-1

[Event "Late-Titled-Tuesday-Blitz-June-18-2024"]
[Site "Chess.com"]
[Date "2024.06.18"]
[Round "1"]
[White "jero888"]
[Black "karinachess1"]
[Result "0-1"]
[WhiteElo "2348"]
[BlackElo "2652"]
[TimeControl "180+1"]
[EndTime "14:06:38 PDT"]
[Termination "karinachess1 won by resignation"]

1. e4 e5 2. Nf3 Nc6 3. Bb5 Nge7 4.
O-O Ng6 5. c3 a6 6. Ba4 Be7 7.
Re1 O-O 8. d3 b5 9. Bc2 Bb7 10.
Nbd2 d5 11. Nf1 Bc5 12. Ng3 dxe4 13. dxe4 Qxd1 14. Rxd1 Rfd8 15. Be3 Bxe3 16. fxe3 Na5 17. Bb3 Nxb3 18. axb3 f6 19. Kf2 Nf8 20. Ke2 Ne6 21.
b4 g6 22. Rxd8+ Rxd8 23. Nd2 h5 24. h4 Kf7 25. Nb3 Rd6 26. Nc5 Bc8 27. Nf1 Ke7 28. Nd2 Nxc5 29. bxc5 Bg4+ 30. Nf3 Re6 31. Kf2 Rc6 32. b4 Bc8 33. Nd2 Re6 34. Nb3 g5 35. g3 Kf7 36. Rh1 Kg6 37. Nd2 Re8 38. Nb3 Rd8 39.
Ke2 Bg4+ 40. Ke1 Rd1+ 41. Kf2 Rxh1 0-1

[Event "Late-Titled-Tuesday-Blitz-June-18-2024"]
[Site "Chess.com"]
[Date "2024.06.18"]
[Round "1"]
[White "manitodeplomo"]
[Black "Chempiblinka"]
[Result "1-0"]
[WhiteElo "2676"]
[BlackElo "2370"]
[TimeControl "180+1"]
[EndTime "14:06:39 PDT"]
[Termination "manitodeplomo won by checkmate"]

1. d4 Nf6 2. c4 g6 3. Nc3 Bg7 4. e4 d6 5. Be2 O-O 6. Nf3 Bg4 7. Be3 Nfd7 8. O-O Nc6 9. d5 Bxf3 10. Bxf3 Na5 11. Be2 Bxc3 12. bxc3 e5 13. Qa4 b6 14. Qc2 f5 15. exf5 Rxf5 16. Bd3 Rf8 17. f4 Qh4 18. g3 Qe7 19. f5 g5 20. f6 Rxf6 21. Rxf6 Nxf6 22.
Bxg5 Rf8 23. Rf1 Qg7 24. Qd2 Ng4 25. Bf5 h5 26. h3 Nxc4 27. Qc1 Nge3 28. Be6+ Kh8 29.
Rxf8+ Qxf8 30. Bxe3 Qf3 31. Bf2 e4 32. Qh6# 1-0